 Dungeon Crawl Stone Soup version 0.23.0 (webtiles) character file.

Game seed: 11521281673262052668

69 Monsterracer the Skirmisher (level 4, -2/41 HPs)
             Began as a Hill Orc Wanderer on Feb 9, 2019.
             Slain by a centaur (3 damage)
             ... on level 3 of the Dungeon.
             The game lasted 00:02:13 (2941 turns).

Monsterracer the Skirmisher (Hill Orc Wanderer)     Turns: 2941, Time: 00:02:15

Health: -2/41      AC:  5    Str: 14    XL:     4   Next: 20%
Magic:  4/4        EV: 10    Int: 13    God:
Gold:   125        SH:  0    Dex: 10    Spells: 2/3 levels left

rFire    . . .     SeeInvis .   r - +0 hand axe
rCold    . . .     Gourm    .   (no shield)
rNeg     . . .     Faith    .   b - +0 ring mail
rPois    .         Spirit   .   (no helmet)
rElec    .         Reflect  .   (no cloak)
rCorr    .         Harm     .   (no gloves)
MR       .....                  (no boots)
Stlth    +.........             (no amulet)
HPRegen  0.13/turn              (no ring)
MPRegen  0.09/turn              (no ring)

@: no status effects
A: no striking features
a: no special abilities


You were on level 3 of the Dungeon.
You were not hungry.

You visited 1 branch of the dungeon, and saw 3 of its levels.

You collected 125 gold pieces.

Inventory:

Hand Weapons
 r - a +0 hand axe (weapon)
Armour
 b - a +0 ring mail (worn)
Wands
 o - a wand of flame (12)
Scrolls
 a - 3 scrolls of identify {unknown}
 e - a scroll of fear {unknown}
 f - 3 scrolls of remove curse {unknown}
 g - a scroll of amnesia {unknown}
 h - a scroll of random uselessness {unknown}
 j - a scroll of enchant armour {unknown}
 l - a scroll of blinking {unknown}
 n - a scroll of magic mapping {unknown}
 p - 2 scrolls of enchant weapon {unknown}
 t - a scroll of teleportation {!r}
Potions
 d - a potion of ambrosia {unknown}
 i - a potion of flight {unknown}
 k - a potion of might {unknown}
 m - a potion of lignification {unknown}
 q - a potion of haste {unknown}
Comestibles
 c - 2 rations


   Skills:
 - Level 4.3 Fighting
 * Level 1.7(2.5) Axes
   Level 2.1(2.4) Maces & Flails
 - Level 2.1 Armour
 - Level 1.0 Stealth
   Level 1.0 Transmutations
 - Level 1.5 Air Magic
 - Level 1.0 Evocations


You had 2 spell levels left.
You knew the following spells:

 Your Spells              Type           Power        Failure   Level  Hunger
a - Shock                 Conj/Air       #...         41%         1    ##.....

Your spell library contained the following spells:

 Spells                   Type           Power        Failure   Level  Hunger
 Swiftness                Chrm/Air       #.......     56%         2    ###....
 Static Discharge         Conj/Air       #.......     80%         3    ####...
 Airstrike                Air            #.........   97%         4    #####..
 Lightning Bolt           Conj/Air       #.........   100%        5    ######.


Dungeon Overview and Level Annotations

Branches:
Dungeon (3/15)

Altars:

Annotations:
D:3 1 runed translucent door, Jaiteiro's ghost, amateur VSFi


Message History

You now have 94 gold pieces (gained 6).
You see here 15 gold pieces.
You now have 109 gold pieces (gained 15).
You see here an adder skeleton.
You see here 16 gold pieces.
You now have 125 gold pieces (gained 16).
You open the door.
There is an open door here.
d - a smoky purple potion A rat comes into view.
A rat is nearby!
The rat bites you but does no damage.
You see here a scroll labeled ELUGGI EZOA.
You slash the rat!
You kill the rat!
No target in view!
No target in view!
a - 3 scrolls labeled ELUGGI EZOA (gained 1)
You butcher the rat corpse.
s - a chunk of flesh You see here a rat skeleton. x2
Eating a chunk of flesh.
You eat the chunk of flesh.
This raw flesh tastes terrible.
You see here a rat skeleton.
A rat comes into view.
A rat is nearby!
A rat is nearby!
The rat bites you but does no damage.
You hit the rat.
You kill the rat!
You are feeling hungry.
You butcher the rat corpse.
s - a chunk of flesh You see here a rat skeleton. x2
Eating a chunk of flesh.
You eat the chunk of flesh.
This raw flesh tastes terrible.
A kobold comes into view. It is wielding a +0 dagger.
The kobold shouts!
A rat comes into view.
The kobold throws a stone.
The stone hits you but does no damage.
You see here a stone.
The kobold throws a stone.
The stone hits you but does no damage.
You see here a stone.
There are monsters nearby!
The kobold throws a stone.
The stone closely misses you.
The kobold throws a stone.
The stone closely misses you.
A kobold is nearby!
The kobold hits you with a +0 dagger.
You barely miss the kobold. The kobold closely misses you.
A kobold is nearby!
You take 1 damage, and have 40/41 hp.
You barely miss the kobold. The kobold barely misses you.
The kobold closely misses you.
A kobold is nearby!
You closely miss the kobold. The kobold hits you but does no damage.
A kobold is nearby!
You completely miss the kobold. The kobold hits you but does no damage.
Health restored: 41 A kobold is nearby!
You hit the kobold.
You kill the kobold!
No target in view!
Things that are here:
a +0 dagger; a stone No target in view!
A centaur comes into view.
The centaur shouts!
The centaur wields a +0 shortbow.
The centaur shoots an arrow.
The arrow hits you!
You see here an arrow.
You take 8 damage, and have 33/41 hp.
A centaur is nearby!
A bat comes into view.
The centaur shoots an arrow.
The arrow hits you!
The centaur shoots an arrow.
The arrow hits you.
* * * LOW HITPOINT WARNING * * *
You see here 2 arrows.
You take 13 damage, and have 20/41 hp.
MASSIVE DAMAGE!!
The centaur shoots an arrow.
The arrow hits you!
* * * LOW HITPOINT WARNING * * *
You hear an angry hiss.
You see here 2 arrows.
You take 7 damage, and have 13/41 hp.
You start resting.
The centaur is too close now for your liking.
The centaur unwields a +0 shortbow.
The centaur closely misses you.
You see here 2 arrows.
You closely miss the centaur. The centaur closely misses you.
You hit the centaur.
The centaur is lightly wounded.
The centaur misses you. The centaur hits you.
* * * LOW HITPOINT WARNING * * *
You take 5 damage, and have 8/41 hp.
Unknown command.
You closely miss the centaur.
The centaur is lightly wounded.
The centaur hits you!
* * * LOW HITPOINT WARNING * * *
The centaur hits you.
You die...

.##.############
.......c........
.###.###@###...
..##.# ..##.#
#.##)# .#########
#.##.# .'.......#
#.##.#
.#######÷####..#.#
###.....÷.#(#
######....####.(.#


You could see a centaur.

Vanquished Creatures
  4 adders
  2 dart slugs
  A leopard gecko (D:2)
  4 bats (D:2)
  A giant cockroach (D:1)
  A goblin (D:2)
  4 hobgoblins
  A ball python (D:2)
  3 frilled lizards (D:2)
  6 kobolds
  6 rats
33 creatures vanquished.

Notes
Turn   | Place    | Note
-------+----------+-------------------------------------------
     0 | D:1      | Monsterracer the Hill Orc Wanderer began the quest for the
                  | Orb.
     0 | D:1      | Monsterracer set off with the following items: a +0 ring
                  | mail, a ration, a +0 club, a scroll of teleportation {!r};
                  | and the following spell memorised: Shock; and the following
                  | spells available to memorise: Swiftness, Static Discharge,
                  | Airstrike, Lightning Bolt
     0 | D:1      | Reached XP level 1. HP: 16/16 MP: 1/1
   393 | D:1      | Reached skill level 2 in Fighting
   794 | D:2      | HP: 8/17 [adder (3)]
   799 | D:2      | Reached skill level 3 in Fighting
   799 | D:2      | Reached XP level 2. HP: 9/26 MP: 2/2
   802 | D:2      | HP: 9/26 [poisoned by an adder]
   810 | D:2      | HP: 7/26 [poisoned by an adder]
  1271 | D:2      | Reached XP level 3. HP: 20/33 MP: 3/3
  1574 | D:2      | Reached skill level 4 in Fighting
  1588 | D:2      | HP: 16/33 [poisoned by an adder]
  2528 | D:3      | Found a runed translucent door.
  2531 | D:3      | Noticed Jaiteiro's ghost (amateur VSFi)
  2553 | D:3      | HP: 16/34 [adder (3)]
  2558 | D:3      | HP: 8/34 [poisoned by an adder]
  2560 | D:3      | Reached skill level 1 in Axes
  2560 | D:3      | Reached XP level 4. HP: 10/41 MP: 4/4
  2565 | D:3      | HP: 7/41 [poisoned by an adder]
  2572 | D:3      | HP: 6/41 [poisoned by an adder]
  2580 | D:3      | HP: 5/41 [poisoned by an adder]
  2932 | D:3      | Noticed a centaur
  2933 | D:3      | HP: 20/41 [centaur/arrow (6)]
  2940 | D:3      | HP: 8/41 [centaur (5)]
  2941 | D:3      | HP: 1/41 [centaur (8)]
  2941 | D:3      | Slain by a centaur

Skill      XL: |  1  2  3 |
---------------+----------+-----
Fighting       | 3 4 |  4.3
Axes           | 1 |  1.7
Maces & Flails | |  2.1
Armour         | |  2.1
Stealth        | |  1.0
Transmutations | |  1.0
Air Magic      | |  1.5
Evocations     | |  1.0

Action                   |  1- 3 |  4- 6 || total
-------------------------+-------+-------++-------
Melee: Club              |   115 |       ||   115
       Hand axe          |    41 |    11 ||    52
  Eat: Chunk             |     5 |     2 ||     7
Armor: Ring mail         |    84 |     4 ||    88
Dodge: Dodged            |    96 |     9 ||   105

Levels and vault maps discovered:
D:1:      lemuel_arrival_rhombus, layout_basic, kennysheep_boxes
D:2:      layout_basic
D:3:      layout_basic, first_ration, ebering_ghost_sewer_f
